 Dungeon Crawl Stone Soup version 0.30.0-13-g156ef70053 (webtiles) character file.

Game seed: 16521311181310416527

25 browni3141 the Trooper (level 2, -1/27 HPs)
             Began as a Minotaur Fighter on May 17, 2023.
             Slain by a gnoll
             ... wielding a +0 halberd
              (4 damage)
             ... on level 2 of the Dungeon.
             The game lasted 00:00:34 (763 turns).

browni3141 the Trooper (Minotaur Fighter)            Turns: 763, Time: 00:00:34

Health: -1/27      AC: 10    Str: 20    XL:     2   Next: 82%
Magic:  0/1        EV:  9    Int:  5    God:
Gold:   70         SH:  4    Dex:  9    Spells: 1/1 levels left

rFire   . . .        a - +0 war axe
rCold   . . .        c - +0 buckler
rNeg    . . .        b - +0 scale mail
rPois   .            (helmet restricted)
rElec   .            (no cloak)
rCorr   .            (no gloves)
SInv    .            X - +2 pair of boots
Will    .....        Q - amulet of guardian spirit Stlth
                     (no ring)
HPRegen 0.24/turn    (no ring)
MPRegen 0.07/turn

%: guardian spirit
@: no status effects
A: horns 2, retaliatory headbutt
a: no special abilities


You were on level 2 of the Dungeon.
You visited 1 branch of the dungeon, and saw 2 of its levels.

You collected 70 gold pieces.

Inventory:

Hand Weapons
 a - a +0 war axe (weapon)
Missiles
 J - 4 javelins (quivered)
Armour
 b - a +0 scale mail (worn)
 c - a +0 buckler (worn)
 U - a +0 pair of boots
 X - a +2 pair of boots (worn)
Jewellery
 Q - an amulet of guardian spirit (around neck)
 W - a ring of wizardry
Scrolls
 O - 2 scrolls of teleportation {unknown}
 P - a scroll of identify {unknown}
 T - 2 scrolls of enchant armour {unknown}
 V - a scroll of torment {unknown}
Potions
 M - a potion of might
 N - a potion of brilliance {unknown}
 R - a potion of heal wounds {unknown}
 S - a potion of mutation {unknown}
 Y - a potion of curing {unknown}


   Skills:
 + Level 3.9 Fighting
 * Level 2.9 Axes
 + Level 3.9 Armour
 + Level 1.1 Dodging
 + Level 3.9 Shields


You had one spell level left.
You didn't know any spells.
Your spell library was empty.

Dungeon Overview and Level Annotations

Branches:
Dungeon (2/15)

Altars:


Innate Abilities, Weirdness & Mutations

You have a pair of horns on your head.
You reflexively headbutt those who attack you in melee.


Message History

A rat comes into view.
A rat is nearby!
The rat barely misses you.
You slash the rat!
You kill the rat!
Your Dodging skill increases to level 1!
No target in view!
Key pressed, stopping explore.
No target in view!
You see here a +0 leather armour.
Key pressed, stopping explore.
Key pressed, stopping explore.
No target in view!
A giant cockroach comes into view.
Found a stone staircase leading down.
A giant cockroach is nearby!
A giant cockroach is nearby!
A giant cockroach is nearby!
You slash the giant cockroach!
You kill the giant cockroach!
No target in view!
There is an open door here.
There is an open door here.
Done exploring.
Done exploring.
No target in view!
No target in view!
Done exploring.
No target in view!
Done exploring.
No target in view!
Done exploring.
No target in view!
Done exploring.
There is a stone staircase leading down here.
You climb downwards.
There is a stone staircase leading up here.
Okay, then.
No target in view!
No target in view!
An endoplasm comes into view.
An endoplasm is nearby!
An endoplasm is nearby!
An endoplasm is nearby!
You see here a yellow potion.
An endoplasm is nearby!
You slash the endoplasm!
You kill the endoplasm!
Y - a yellow potion No target in view!
You now have 70 gold pieces (gained 9).
An endoplasm comes into view.
Found a stone staircase leading down.
The endoplasm quivers.
An endoplasm is nearby!
An endoplasm is nearby!
The endoplasm freezes you.
You are frozen.
An endoplasm is nearby!
You slash the endoplasm!
You kill the endoplasm!
No target in view!
Found an escape hatch in the floor.
Key pressed, stopping explore.
No target in view!
No target in view!
A gnoll comes into view. It is wielding a +0 spear.
A gnoll is nearby!
A gnoll is nearby!
The gnoll shouts!
A gnoll comes into view. It is wielding a +0 whip.
A gnoll comes into view. It is wielding a +0 halberd.
There are monsters nearby!
A gnoll comes into view. It is wielding a +0 halberd.
The gnoll shouts!
The gnoll hits you from afar with a +0 spear.
There are monsters nearby!
There are monsters nearby!
The gnoll hits you from afar with a +0 halberd.
You closely miss the gnoll. You barely miss the gnoll.
The gnoll hits you but does no damage. x2
The gnoll hits you from afar with a +0 halberd.
The gnoll hits you from afar with a +0 halberd!
The gnoll hits you but does no damage.
The gnoll hits you from afar with a +0 halberd.
The gnoll hits you with a +0 whip.
A frilled lizard comes into view.
The gnoll closely misses you.
The frilled lizard hisses angrily.
You slash the gnoll!
The gnoll is severely wounded.
You hit the gnoll. The gnoll closely misses you.
The gnoll completely misses you. You furiously retaliate!
You headbutt the gnoll. You block the gnoll's attack.
The gnoll hits you from afar with a +0 halberd!
You slash the gnoll!
You kill the gnoll!
You completely miss the gnoll.
The gnoll hits you from afar with a +0 halberd.
You die...

#... ###..# ####...
.....# .......
.....## .......
....#l.
..........#......#
).......g..g...#
#.........)....###
....>....g@.......
#.....).......##.
#................
.#.............###
##..................
.#.#...............>
#...........##...##
###.........### ...#
............# .#.#


You could see 3 gnolls and a frilled lizard.

Vanquished Creatures
  A gnoll (D:2)
  4 ball pythons (D:1)
  A bat (D:1)
  3 endoplasms
  3 giant cockroaches (D:1)
  2 hobgoblins (D:1)
  A kobold (D:1)
  A frilled lizard (D:1)
  10 rats (D:1)
26 creatures vanquished.

Notes
Turn   | Place    | Note
-------+----------+-------------------------------------------
     0 | D:1      | browni3141 the Minotaur Fighter began the quest for the
                  | Orb.
     0 | D:1      | Reached XP level 1. HP: 19/19 MP: 0/0
   121 | D:1      | Reached XP level 2. HP: 27/27 MP: 1/1
   763 | D:2      | Slain by a gnoll

Illustrated notes

Levels and vault maps discovered:
D:1:      dpeg_arrival_tiny_c, layout_rooms, grunt_decor_clamped,
          minmay_rat_gold_closets
D:2:      layout_rooms, serial_aquarium, aquarium_bridge_long_joined
          [aquarium_subvault_bridge, aquarium_subvault_window,
          aquarium_subvault_window, aquarium_subvault_wall,
          aquarium_subvault_window, aquarium_subvault_balcony],
          aquarium_bridge_straight [aquarium_subvault_bridge,
          aquarium_subvault_wall, aquarium_subvault_bridge,
          aquarium_subvault_wall], aquarium_window_1, aquarium_window_fake,
          aquarium_window_corridor_2, aquarium_window_1, aquarium_view_2f,
          aquarium_view_2f, chequers_arboretum

Skill      XL: |  1  2 |
---------------+-------+-----
Dodging        | 1 |  1.1
Fighting       | |  3.9
Axes           | |  2.9
Armour         | |  3.9
Shields        | |  3.9

Action                     || total
---------------------------++-------
  Melee: War axe           ||    43
         Headbutt          ||     6
 Armour: Scale mail        ||    13
  Dodge: Dodged            ||    20
  Block: Buckler           ||     5
